 Dungeon Crawl Stone Soup version 0.28-a0-1374-ga75cb3825e (webtiles) character file.

Game seed: 2570010987211695165

2 Shayle the Grasshopper (level 1, -3/16 HPs)
             Began as a Demonspawn Warper on Jan 1, 2022.
             Slain by a quokka (4 damage)
             ... on level 1 of the Dungeon.
             The game lasted 00:00:24 (78 turns).

Shayle the Grasshopper (Demonspawn Warper)            Turns: 78, Time: 00:00:24

Health: -3/16      AC:  3    Str: 11    XL:     1   Next: 33%
Magic:  3/3        EV: 11    Int: 14    God:
Gold:   15         SH:  0    Dex: 12    Spells: 4/4 levels left

rFire   . . .      SeeInvis .   a - +0 hand axe
rCold   . . .      Faith    .   (no shield)
rNeg    . . .      Spirit   .   b - +0 leather armour
rPois   .          Reflect  .   (no helmet)
rElec   .          Harm     .   (no cloak)
rCorr   .          Rampage  .   (no gloves)
Will    .....                   (no boots)
Stlth   +.........              (no amulet)
HPRegen 0.05/turn               (no ring)
MPRegen 0.08/turn               (no ring)

@: no status effects
A: no striking features
a: no special abilities


You were on level 1 of the Dungeon.
You visited 1 branch of the dungeon, and saw 1 of its levels.

You collected 15 gold pieces.

Inventory:

Hand Weapons
 a - a +0 hand axe (weapon)
Missiles
 d - 5 boomerangs of dispersal (quivered)
 e - 5 boomerangs
Armour
 b - a +0 leather armour (worn)
Scrolls
 c - a scroll of blinking


   Skills:
 - Level 2.0 Fighting
 - Level 1.7 Axes
 - Level 0.8 Throwing
 - Level 0.8 Armour
 - Level 1.7 Dodging
 + Level 0.8 Stealth
 - Level 2.0 Spellcasting
 - Level 2.6 Translocations


You had 4 spell levels left.
You didn't know any spells.
Your spell library contained the following spells:

 Spells                   Type           Power      Damage    Failure   Level
 Blink                    Tloc           16%        N/A       16%         2
 Gell's Gravitas          Tloc           8%         N/A       30%         3
 Lesser Beckoning         Tloc           8%         N/A       30%         3
 Teleport Other           Tloc           8%         N/A       30%         3
 Manifold Assault         Tloc           8%         N/A       96%         5


Dungeon Overview and Level Annotations

Branches:
Dungeon (1/15)

Altars:


Message History

You barely miss the ball python.
The ball python bites you but does no damage.
The ball python barely misses you.
You hit the ball python but do no damage.
The ball python misses you. The ball python closely misses you.
The ball python barely misses you. The ball python closely misses you.
You closely miss the ball python. The ball python barely misses you.
The ball python grabs you. The ball python constricts you.
You hit the ball python.
You kill the ball python!
You miss the quokka.
The quokka bites you but does no damage.
The quokka bites you.
Found 14 arrows.
The quokka bites you.
You see here a ball python corpse.
You closely miss the quokka. The quokka barely misses you.
You closely miss the quokka. The quokka bites you.
The quokka barely misses you.
You miss the quokka. The quokka bites you.
* * * LOW HITPOINT WARNING * * *
You hit the quokka.
The quokka is moderately wounded.
The quokka bites you.
* * * LOW HITPOINT WARNING * * *
The quokka bites you but does no damage.
You closely miss the quokka.
The quokka is moderately wounded.
The quokka misses you.
You miss the quokka.
The quokka is moderately wounded.
The quokka barely misses you. The quokka closely misses you.
You closely miss the quokka.
The quokka is moderately wounded.
The quokka misses you.
You hit the quokka.
The quokka is severely wounded.
The quokka bites you.
* * * LOW HITPOINT WARNING * * *
The quokka bites you.
You die...

#(...#.. ......# #####
.....##....# ..........#
...#.....# ...#..#
#.....### #@r.....# .
#.#...#.######..
#####...#.........
#......##.##....
#.....##.. #..### #####
#.....##.###†...# #...#
###..##..#...##.....
#...#####........### ...
#................######...


You could see a quokka.

Vanquished Creatures
  A ball python (D:1)
  A giant cockroach (D:1)
2 creatures vanquished.

Notes
Turn   | Place    | Note
-------+----------+-------------------------------------------
     0 | D:1      | Shayle the Demonspawn Warper began the quest for the Orb.
     0 | D:1      | Reached XP level 1. HP: 16/16 MP: 3/3
    78 | D:1      | Slain by a quokka

Illustrated notes

Levels and vault maps discovered:
D:1:      dpeg_arrival_rhombus, layout_rooms, st_stairs_6,
          chequers_serial_rivers_large_b

Action                   || total
-------------------------++-------
Melee: Hand axe          ||    17
Armor: Leather armour    ||     5
Dodge: Dodged            ||    16

Table legend: (Time is in decaauts)
 A = Elapsed time spent in this place.
 B = Non-inter-level travel time spent in this place.
 C = Inter-level travel time spent in this place.
 D = Time resting spent in this place.
 E = Time spent auto-exploring this place.
 F = Levels seen in this place.
 G = Mean time per level.
                   A        B        C        D        E       F      G
               +--------+--------+--------+--------+--------+-----+--------+
         Total |     81 |     81 |      0 |      0 |     43 |   1 |   81.0 |
       Dungeon |     81 |     81 |      0 |      0 |     43 |   1 |   81.0 |
               +--------+--------+--------+--------+--------+-----+--------+

Top non-repeatable levels by time:
     D:1: 81 daAuts
